 Dungeon Crawl Stone Soup version 0.17-a0-1945-gfe993df (webtiles) character file.

678 Gruud the Insei (level 7, 0/48 HPs)
             Began as a Demonspawn Transmuter on Sept 30, 2015.
             Succumbed to a killer bee's poison
             ... on level 5 of the Dungeon.
             The game lasted 00:18:15 (3767 turns).

Gruud the Insei (Demonspawn Transmuter)             Turns: 3767, Time: 00:18:15

Health: 0/48       AC:  3    Str: 15    XL:     7   Next: 34%
Magic:  9/10       EV: 17    Int: 22    God:
Gold:   165        SH:  0    Dex: 18    Spells: 3 memorised, 4 levels left

rFire  . . .     SeeInvis .       - Unarmed
rCold  . . .     Clarity  +     b - +0 robe
rNeg   + . .     SustAt   .     (no shield)
rPois  .         Gourm    .     e - +0 helmet
rElec  .         Spirit   .     (no cloak)
rCorr  .         Warding  .     (no gloves)
rMut   .         Stasis   .     (no boots)
MR     .....                    s - amulet of clarity
Stlth  +++.......               (no ring)
                                l - ring of positive energy

@: mighty, brilliant, agile, lethally poisoned (0 -> -9), very slightly
contaminated, hasted, very quick, not resistant to hostile enchantments, fairly
stealthy
A: claws 2, powered by pain 2
a: no special abilities


You were on level 5 of the Dungeon.
You were not hungry.

You visited 2 branches of the dungeon, and saw 6 of its levels.

You collected 165 gold pieces.

Inventory:

Missiles
 a - 48 arrows
 k - 12 javelins (quivered)
 o - 34 poisoned needles
Armour
 b - a +0 robe (worn)
 e - a +0 helmet (worn)
Jewellery
 l - a ring of positive energy (left claw)
 s - an amulet of clarity (around neck)
Magical devices
 q - a wand of paralysis (10)
Scrolls
 m - 3 scrolls of teleportation
 n - a scroll of immolation {unknown}
 t - a scroll of remove curse
 u - 2 scrolls of recharging {unknown}
 v - a scroll of identify
Potions
 h - 2 potions of might
Books
 c - a book of Changes

   Spells                             Type                      Level
   a - Beastly Appendage              Transmutation                1
   b - Sticks to Snakes               Transmutation                2
   c - Spider Form                    Transmutation/Poison         3
   d - Ice Form                       Ice/Transmutation            4
   e - Blade Hands                    Transmutation                5
Comestibles
 d - 4 bread rations
 g - 3 meat rations
 i - 5 chunks of flesh


   Skills:
 - Level 1.0 Fighting
 - Level 1.7 Dodging
 * Level 5.8 Unarmed Combat
 - Level 2.0 Spellcasting
 * Level 5.4 Transmutations


You had 4 spell levels left.
You knew the following spells:

 Your Spells              Type           Power        Failure   Level  Hunger
a - Beastly Appendage     Trmt           #####.       1%          1    #......
b - Sticks to Snakes      Trmt           #####.....   1%          2    ##.....
c - Spider Form           Trmt/Pois      ####......   1%          3    ###....


Dungeon Overview and Level Annotations

Branches:
Dungeon (5/15)             Temple (1/1) D:4

Altars:
Cheibriados
Dithmenos
Elyvilon
Okawaru
Qazlal
Ru
Vehumet
Xom
Yredelemnul

Annotations:
D:2 Natasha
D:3 Grinder


Innate Abilities, Weirdness & Mutations

You have very sharp fingernails.
You sometimes gain power by taking damage.


Message History

You feel sick.
Read which item? (? for menu, Esc to quit)
Okay, then.
Drink which item? (? for menu, Esc to quit)
You feel agile all of a sudden.
* * * LOW HITPOINT WARNING * * *
You feel sick.
Drink which item? (? for menu, Esc to quit)
You feel very mighty all of a sudden.
* * * LOW HITPOINT WARNING * * *
You feel sick.
* * * LOW HITPOINT WARNING * * *
You feel sick.
* * * LOW HITPOINT WARNING * * *
You feel sick.
* * * LOW HITPOINT WARNING * * *
You feel sick.
* * * LOW HITPOINT WARNING * * *
You feel sick.
You die...

### #####
##.###..@##
#...#..#..#
#.#...###.#
#.#####.#.#
#.#)# #.รท#
#...# ##.#
#.### #..#
#..y# ##.#
##$#.# #..#


There were no monsters in sight!

Vanquished Creatures
  A phantom (D:4)
  2 centaurs
  A killer bee (D:5)
  4 wights (D:5)
  A crimson imp (D:5)
  A hound (D:4)
  Ijyb (D:2)
  2 orc wizards (D:5)
  4 adders
  A worm (D:2)
  3 giant geckos
  3 orcs
  2 giant cockroaches
  4 goblins
  6 hobgoblins
  7 jackals
  A kobold (D:3)
  A quokka (D:4)
  A ball python (D:4)
  4 bats (D:1)
  4 giant newts
  A jackal skeleton (D:5)
  A jackal zombie (D:5)
  A quokka skeleton (D:4)
  4 rats
61 creatures vanquished.

Vanquished Creatures (collateral kills)
  2 worker ants (D:5)
  An adder (D:2)
  3 orcs (D:4)
  A bat (D:2)
  A kobold (D:2)
  2 giant newts
10 creatures vanquished.

Grand Total: 71 creatures vanquished

Notes
Turn   | Place    | Note
--------------------------------------------------------------
     0 | D:1      | Gruud the Demonspawn Transmuter began the quest for the Orb.
     0 | D:1      | Reached XP level 1. HP: 15/15 MP: 3/3
   478 | D:1      | Reached skill level 3 in Unarmed Combat
   484 | D:1      | Gained mutation: You sometimes gain a little power by taking damage. [demonic ancestry]
   484 | D:1      | Reached XP level 2. HP: 14/21 MP: 3/5
   507 | D:1      | Learned a level 2 spell: Sticks to Snakes
   901 | D:2      | Found a white marble altar of Elyvilon.
   902 | D:2      | Found a basalt altar of Yredelemnul.
   905 | D:2      | Noticed Ijyb
  1024 | D:2      | Noticed Natasha
  1335 | D:3      | Reached XP level 3. HP: 22/26 MP: 6/6
  1602 | D:3      | Noticed Grinder
  1602 | D:3      | Paralysed by Grinder for 3 turns
  1637 | D:2      | Killed Ijyb
  1861 | D:4      | Gained mutation: You have sharp fingernails. [demonic ancestry]
  1861 | D:4      | Reached XP level 4. HP: 24/32 MP: 4/7
  1866 | D:4      | Learned a level 3 spell: Spider Form
  2114 | D:4      | Found a staircase to the Ecumenical Temple.
  2125 | D:4      | Noticed a phantom
  2179 | D:4      | Killed a phantom
  2179 | D:4      | Reached skill level 4 in Unarmed Combat
  2179 | D:4      | Reached XP level 5. HP: 6/37 MP: 6/8
  2579 | D:4      | Noticed a centaur
  2603 | D:4      | Killed a centaur
  2750 | D:5      | Entered Level 5 of the Dungeon
  2782 | D:5      | Gained mutation: You have very sharp fingernails. [demonic ancestry]
  2782 | D:5      | Reached XP level 6. HP: 43/43 MP: 7/9
  2887 | Temple   | Entered the Ecumenical Temple
  3151 | D:5      | Reached skill level 5 in Unarmed Combat
  3228 | D:5      | Found a shimmering altar of Xom.
  3318 | D:5      | Reached skill level 5 in Transmutations
  3349 | D:5      | Noticed a centaur
  3361 | D:5      | Killed a centaur
  3361 | D:5      | Gained mutation: You sometimes gain power by taking damage. [demonic ancestry]
  3361 | D:5      | Reached XP level 7. HP: 21/48 MP: 2/10
  3764 | D:5      | HP: 2/48 [poisoned by a killer bee]
  3767 | D:5      | Succumbed to a killer bee's poison

Vault maps used:
D:1:      lordsloth_arrival_two_stooges
D:2:      nicolae_ashenzari_panopticon, grunt_temple_overflow_open,
          okawaru_metal_pillars_1_2, uniq_natasha, uniq_terence, uniq_iyjb
D:3:      uniq_grinder
D:4:      minmay_temple_entry_from_below_a, first_bread
D:5:      basic_altar, grunt_ministairs_11, serial_bayou_pond_e,
          minmay_small_thing
Temple:   temple_island_7

Action                   |  1- 3 |  4- 6 |  7- 9 || total
-------------------------+-------+-------+-------++-------
Melee: Unarmed           |   130 |    82 |    29 ||   241
Throw: Javelin           |       |     7 |       ||     7
 Cast: Beastly Appendage |    13 |     3 |     1 ||    17
       Sticks to Snakes  |    11 |    13 |     3 ||    27
       Spider Form       |       |     4 |     1 ||     5
  Use: Scroll            |     3 |     4 |       ||     7
       Potion            |       |     2 |     4 ||     6
 Stab: Distracted        |     2 |     1 |       ||     3
       Sleeping          |     1 |       |       ||     1
  Eat: Chunk             |     4 |     4 |     2 ||    10
       Pizza             |       |     1 |       ||     1
